 Dungeon Crawl Stone Soup version 0.19.1 (webtiles) character file.

71 dvd the Stinger (level 4, -5/27 HPs)
             Began as an Octopode Venom Mage on Dec 16, 2016.
             Killed by nerve-wracking pain
             ... invoked by Grinder
              (9 damage)
             ... on level 3 of the Dungeon.
             The game lasted 00:04:59 (1942 turns).

dvd the Stinger (Octopode Venom Mage)               Turns: 1942, Time: 00:05:01

Health: -5/27      AC:  1    Str:  7    XL:     4   Next: 24%
Magic:  17/17      EV: 18    Int: 18    God:
Gold:   176        SH:  0    Dex: 12    Spells: 2 memorised, 4 levels left

rFire  . . .     SeeInvis .     a - +0 short sword (venom)
rCold  . . .     Gourm    .     (no shield)
rNeg   . . .     Faith    .     (helmet restricted)
rPois  .         Spirit   .     (no amulet)
rElec  .         Reflect  .     j - ring of magical power
rCorr  .         Harm     .     n - +5 ring of evasion
MR     .....                    (no ring)
Stlth  +++.......               (no ring)
                                (no ring)
                                (no ring)
                                (no ring)
                                (no ring)

@: no status effects
A: almost no armour, stealthy swim, amphibious, 8 rings, constrict 8, camouflage
1, gelatinous body 1
a: no special abilities


You were on level 3 of the Dungeon.
You were hungry.

You visited 1 branch of the dungeon, and saw 3 of its levels.

You collected 176 gold pieces.

Inventory:

Hand Weapons
 a - a +0 short sword of venom (weapon)
 l - a +0 dagger
 p - a +6 dagger
Jewellery
 j - a ring of magical power (left tentacle)
 n - a +5 ring of evasion (right tentacle)
Scrolls
 f - 2 scrolls of blinking {unknown}
 g - 2 scrolls of enchant weapon {unknown}
 h - a scroll of amnesia {unknown}
 i - a scroll of recharging {unknown}
 k - 2 scrolls of noise {unknown}
 o - a scroll of identify {unknown}
 q - a scroll of teleportation {unknown}
 r - a scroll of magic mapping {unknown}
 t - 2 scrolls of remove curse {unknown}
Potions
 d - a potion of brilliance {unknown}
 e - a potion of might {unknown}
 m - a potion of degeneration {unknown}
Books
 c - a Young Poisoner's Handbook

   Spells                             Type                      Level
   a - Sting                          Conjuration/Poison           1
   b - Mephitic Cloud                 Conjuration/Poison/Air       3
   c - Olgreb's Toxic Radiance        Poison                       4
   d - Alistair's Intoxication        Transmutation/Poison         5
   e - Venom Bolt                     Conjuration/Poison           5
Comestibles
 b - 2 bread rations


   Skills:
 + Level 0.2 Fighting
 + Level 2.0 Dodging
 + Level 3.5 Stealth
 + Level 3.0 Spellcasting
 + Level 1.0 Conjurations
 + Level 5.3 Poison Magic


You had 4 spell levels left.
You knew the following spells:

 Your Spells              Type           Power        Failure   Level  Hunger
a - Sting                 Conj/Pois      ##..         6%          1    None
b - Olgreb's Toxic Radia  Pois           ###.....     21%         4    ####...


Dungeon Overview and Level Annotations

Branches:
Dungeon (3/15)

Altars:
Qazlal

Annotations:
D:3 Grinder; Mungo's ghost, amateur TeCj


Innate Abilities, Weirdness & Mutations

You cannot wear most types of armour.
You are very stealthy in the water. (Stealth+)
You are amphibious.
You can wear up to eight rings at the same time.
You can use your tentacles to constrict eight enemies at once.
Your skin changes colour to match your surroundings (Stealth+).
Your rubbery body absorbs attacks. (AC +1, EV +1)


Message History

You constrict Grinder. Grinder barely misses you.
You barely miss Grinder.
Grinder is heavily wounded.
You constrict Grinder. Grinder misses you.
You hit Grinder but do no damage.
Grinder is heavily wounded.
You constrict Grinder. Grinder gestures at you. Pain shoots through your body!
You hit Grinder but do no damage.
Grinder is severely wounded.
You constrict Grinder. Grinder hits you.
You writhe in agony.
Grinder hits you.
* * * LOW HITPOINT WARNING * * *
Unknown command.
You hit Grinder. You squeeze Grinder.
Grinder is severely wounded.
You constrict Grinder. Grinder gestures at you. Pain shoots through your body!
You die...

......##.# ........<#.#
......##.#######..#.#.#
####'###.......)...##.#
#)..........#......#
###########.#### ###
#.# #.# #.#########
#..@5...... ###########


You could see Grinder.

Vanquished Creatures
  2 adders
  An ooze (D:2)
  A worm (D:2)
  4 leopard geckos (D:1)
  2 giant cockroaches
  4 hobgoblins
  7 kobolds
  3 quokkas (D:2)
  4 bats
  2 frilled lizards
  7 goblins
  4 rats
41 creatures vanquished.

Notes
Turn   | Place    | Note
-------+----------+-------------------------------------------
     0 | D:1      | dvd the Octopode Venom Mage began the quest for the Orb.
     0 | D:1      | Reached XP level 1. HP: 11/11 MP: 3/3
   126 | D:1      | Reached skill level 5 in Poison Magic
   203 | D:1      | Reached XP level 2. HP: 17/17 MP: 3/5
   805 | D:1      | Reached XP level 3. HP: 21/21 MP: 6/6
  1076 | D:2      | Found a stormy altar of Qazlal.
  1409 | D:2      | Reached XP level 4. HP: 27/27 MP: 8/8
  1418 | D:2      | Learned a level 4 spell: Olgreb's Toxic Radiance
  1735 | D:3      | Reached skill level 1 in Conjurations
  1871 | D:3      | Noticed Mungo's ghost (amateur TeCj)
  1930 | D:3      | Noticed Grinder
  1942 | D:3      | Killed from afar by Grinder

Skill      XL: |  1  2  3  4 |
---------------+-------------+-----
Poison Magic   | 5 |  5.3
Stealth        | 3 |  3.5
Spellcasting   | 3 |  3.0
Conjurations   | 1 |  1.0
Fighting       | |  0.2
Dodging        | |  2.0

Action                   |  1- 3 |  4- 6 || total
-------------------------+-------+-------++-------
Melee: Dagger            |    12 |       ||    12
       Tentacles         |     6 |     5 ||    11
       Constrict         |     2 |     4 ||     6
       Short sword       |    13 |    21 ||    34
 Cast: Sting             |    60 |     7 ||    67
 Stab: Sleeping          |     5 |       ||     5
  Eat: Chunk             |     2 |     1 ||     3
Armor: Skin              |     5 |       ||     5
Dodge: Dodged            |    28 |    14 ||    42
